 Dungeon Crawl Stone Soup version 0.28-a0-537-g3bccd9ccbf (webtiles) character file.

Game seed: 3801309365656848868

48 SkeletonJelly the Insei (level 3, 0/17 HPs)
             Began as a Vine Stalker Transmuter on Sept 28, 2021.
             Succumbed to an adder's poison
             ... on level 2 of the Dungeon.
             The game lasted 00:03:45 (1754 turns).

SkeletonJelly the Insei (Vine Stalker Transmuter)   Turns: 1754, Time: 00:03:46

Health: 0/17       AC:  2    Str: 12    XL:     3   Next: 72%
Magic:  2/7        EV: 12    Int: 14    God:
Gold:   8          SH:  0    Dex: 14    Spells: 3/6 levels left

rFire   . . .      SeeInvis .     - Unarmed
rCold   . . .      Faith    .   (no shield)
rNeg    . . .      Spirit   +   a - +0 robe
rPois   .          Reflect  .   (helmet currently unavailable)
rElec   .          Harm     .   (no cloak)
rCorr   .          Rampage  .   (no gloves)
Will    .....                   (boots currently unavailable)
Stlth   +.........              (no amulet)
HPRegen 0.05/turn               (no ring)
MPRegen 0.10/turn               (no ring)

@: lethally poisoned (0 -> -7), appendages, wereblooded
A: horns 2, talons 2, fangs 2, magic shield, antimagic bite, no potion heal 2
a: End Transformation


You were on level 2 of the Dungeon.
You had temporarily grown beastly horns and talons.
You visited 1 branch of the dungeon, and saw 2 of its levels.

You collected 8 gold pieces.

Inventory:

Armour
 a - a +0 robe (worn)
 f - a +0 buckler
Scrolls
 c - a scroll of fog {unknown}
 d - a scroll of teleportation {unknown}
 g - a scroll of identify {unknown}
Potions
 b - 2 potions of heal wounds {unknown}
 e - a potion of curing {unknown}


   Skills:
 - Level 0.8 Fighting
 - Level 1.5 Dodging
 + Level 3.5 Unarmed Combat
 - Level 2.1 Spellcasting
 * Level 3.4 Transmutations


You had 3 spell levels left.
You knew the following spells:

 Your Spells              Type           Power      Damage    Failure   Level
a - Beastly Appendage     Tmut           22%        N/A       5%          1
s - Wereblood             Tmut           11%        N/A       9%          2

Your spell library contained the following spells:

 Spells                   Type           Power      Damage    Failure   Level
 Spider Form              Tmut/Pois      3%         N/A       34%         3
 Ice Form                 Ice/Tmut       6%         N/A       75%         4


Dungeon Overview and Level Annotations

Branches:
Dungeon (2/15)

Altars:


Innate Abilities, Weirdness & Mutations

You have temporarily grown beastly horns and talons.
You have extremely sharp teeth.
When hurt, damage is shared between your health and your magic reserves.
Your bite disrupts and absorbs the magic of your enemies.
Potions cannot restore your health.


Message History

Your transformation is almost over.
MP restored: 7 A giant cockroach is nearby!
A giant cockroach is nearby!
A giant cockroach is nearby!
A giant cockroach is nearby!
A giant cockroach is nearby!
You hit the giant cockroach. You claw the giant cockroach.
The giant cockroach is heavily wounded.
The giant cockroach bites you but does no damage.
You punch the giant cockroach!
You kill the giant cockroach!
No target in view!
No target in view!
No target in view!
No target in view!
No target in view!
Found a coppery potion and 9 gold pieces.
Things that are here:
a giant cockroach corpse; a ball python corpse; an adder corpse
g - a scroll labelled WIABLU FAECAISH
Things that are here:
a giant cockroach corpse; a ball python corpse; an adder corpse You howl as the wereblood boils in your veins!
Your primal bloodlust is almost over.
Your horns disappear.
Your talons disappear.
An adder comes into view.
An adder is nearby!
The adder hisses angrily.
You howl as the wereblood boils in your veins!
Your primal bloodlust has ended.
You closely miss the adder. Your bite misses the adder.
The adder barely misses you.
Casting: Beastly Appendage (safe; 5% risk of failure)
Confirm with . or Enter, or press ? or * to list all spells.
Your blood is infused with primal strength.
The adder bites you.
You are poisoned.
The adder poisons you!
You take 1 damage, and have 16/17 hp.
You now have 5/7 mp.
Casting: Wereblood (safe; 9% risk of failure)
Confirm with . or Enter, or press ? or * to list all spells.
You grow a pair of large bovine horns.
Your feet morph into talons.
You feel sick. The adder barely misses you. The adder bites you.
You take 4 damage, and have 12/17 hp.
MASSIVE DAMAGE!!
You now have 3/7 mp.
You barely miss the adder. Your kick misses the adder.
Your headbutt misses the adder. Your bite misses the adder.
You feel sick. The adder closely misses you.
You take 1 damage, and have 11/17 hp.
You hit the adder. You claw the adder, but do no damage.
Your bite misses the adder.
The adder is moderately wounded.
The adder closely misses you.
You barely miss the adder.
The adder is moderately wounded.
You feel sick. The adder closely misses you.
You take 1 damage, and have 11/17 hp.
You barely miss the adder. Your headbutt misses the adder.
Your bite misses the adder.
The adder is moderately wounded.
You feel sick. The adder bites you.
You take 2 damage, and have 9/17 hp.
You closely miss the adder. You claw the adder, but do no damage.
You headbutt the adder!
The adder is almost dead.
You feel sick.
You are no longer poisoned.
The adder misses you. The adder barely misses you.
You take 1 damage, and have 8/17 hp.
You are too injured to fight recklessly!
You are too injured to fight recklessly!
You are too injured to fight recklessly!
You are too injured to fight recklessly!
You are too injured to fight recklessly!
You are too injured to fight recklessly!
You are too injured to fight recklessly!
You barely miss the adder. Your kick misses the adder.
Your headbutt misses the adder.
The adder is almost dead.
The adder bites you.
* * * LOW HITPOINT WARNING * * *
You take 3 damage, and have 5/17 hp.
You now have 2/7 mp.
You closely miss the adder. Your kick misses the adder.
Your headbutt misses the adder. Your bite misses the adder.
The adder is almost dead.
The adder bites you.
* * * LOW HITPOINT WARNING * * *
You take 2 damage, and have 3/17 hp.
You now have 1/7 mp.
You hit the adder but do no damage. You claw the adder, but do no damage.
Your bite misses the adder.
The adder is almost dead.
The adder bites you.
* * * LOW HITPOINT WARNING * * *
You are lethally poisoned!
The adder poisons you!
You take 1 damage, and have 2/17 hp.
You closely miss the adder. You claw the adder. Your headbutt misses the adder.
Your bite misses the adder.
The adder is almost dead.
You die...

#. #.....#
#....$##########+##
#.................#
#.................#
#....>............#
#...........@S....#
#...........####.##
+.........!......#
#...†###########.#
#....<.......
#....†.######
#####......
##.###.# .#


You could see an adder.

Vanquished Creatures
  An adder (D:2)
  2 bats (D:1)
  4 endoplasms (D:1)
  A giant cockroach (D:2)
  5 goblins (D:1)
  2 hobgoblins (D:1)
  4 jackals (D:1)
  3 kobolds (D:1)
  5 quokkas (D:1)
  3 ball pythons
  2 rats
32 creatures vanquished.

Notes
Turn   | Place    | Note
-------+----------+-------------------------------------------
     0 | D:1      | SkeletonJelly the Vine Stalker Transmuter began the quest
                  | for the Orb.
     0 | D:1      | Reached XP level 1. HP: 9/9 MP: 4/4
   255 | D:1      | Reached XP level 2. HP: 10/14 MP: 3/6
   268 | D:1      | Learned a level 2 spell: Wereblood
   933 | D:1      | Reached XP level 3. HP: 17/17 MP: 5/7
  1136 | D:1      | Found a faded altar of an unknown god.
  1754 | D:2      | Succumbed to an adder's poison

Illustrated notes

Levels and vault maps discovered:
D:1:      lightli_arrival_lavapool, layout_basic,
          hellmonk_ecumenical_altar_prayer_group
D:2:      layout_basic

Skill      XL: |  1  2 |
---------------+-------+-----
Transmutations | 3 |  3.4
Fighting       | |  0.8
Dodging        | |  1.5
Unarmed Combat | |  3.5
Spellcasting   | |  2.1

Action                   || total
-------------------------++-------
Melee: Unarmed           ||    82
       Kick              ||    16
       Bite              ||    11
       Headbutt          ||     8
 Cast: Beastly Appendage ||    24
       Wereblood         ||     8
 Stab: Sleeping          ||     1
Armor: Robe              ||     8
Dodge: Dodged            ||    53

Table legend: (Time is in decaauts)
 A = Elapsed time spent in this place.
 B = Non-inter-level travel time spent in this place.
 C = Inter-level travel time spent in this place.
 D = Time resting spent in this place.
 E = Time spent auto-exploring this place.
 F = Levels seen in this place.
 G = Mean time per level.
                   A        B        C        D        E       F      G
               +--------+--------+--------+--------+--------+-----+--------+
         Total |   1749 |   1683 |     66 |      0 |   1464 |   2 |  874.5 |
       Dungeon |   1749 |   1683 |     66 |      0 |   1464 |   2 |  874.5 |
               +--------+--------+--------+--------+--------+-----+--------+

Top non-repeatable levels by time:
     D:1: 1711 daAuts
     D:2: 37 daAuts
